AoeStats
← Kakibmb

Black Forest

509920593Analyzed
2v2 RM · 3d ago on Sep 28, 2026· 21m 38s· 4 players
Game mode
Random Map
Map size
Medium (4 player)
Population
200
Speed
Normal
Resources
Standard
Victory
Conquest
Starting age
Dark Age
Ending age
Imperial Age
RankedLock teamsTeams togetherTeam positionsShared explorationLock speedFull tech treeHidden civsTurbo modeCheats
Victory
Defeat
🇫🇷 Romans · France
608
+11
🇨🇦 Teutons · Canada
544
+14
🇨🇴 Bulgarians · Colombia
509
-13
🇯🇵 Spanish · Japan
494
-12
PremixedHail436
0:30 Loom
Sr Pingu
17:40 Feudal Age
17:55 Loom
19:37 Wheelbarrow
21:24 Castle Age
19:11 Town Watch
20:42 Horse Collar
20:49 Loom
21:12 Scale Mail Armor
21:31 Forging
21:21 Double-Bit Axe
Zakuuuus
0:28 Loom
16:37 Feudal Age
18:37 Double-Bit Axe
19:30 Wheelbarrow
18:38 Horse Collar
18:52 Stone Mining
21:13 Gold Mining
Kakibmb
0:30 Loom
16:16 Feudal Age
18:00 Wheelbarrow
17:08 Horse Collar
17:17 Double-Bit Axe
17:26 Gold Mining
17:33 Stone Mining
Connection lost

Rejoining the realm…

Still unreachable

The connection could not be restored.

Session expired

The server has moved on; the page needs a fresh start.